Map: Persephone LE

Players

Remarcable (uThermal)

  • Race: Terran Terran
  • League: Grandmaster
  • Spawn Location: 11:00

STZsOs (sOs) - Winner!

  • Race: Protoss Protoss
  • League: Master
  • Spawn Location: 7:00

Event: HomeStory Cup XXVII

VOD

Have the link to the VOD?

Description

Time

  • Played on: June 29, 2025, 7:28 a.m.
  • Length: 15:34

All games in this series

Show
View Real Time Build Order
Export as new Build Order

Remarcable Terran 

Build Orders:  

Get SALT Encoding   

  12  0:00  SCV  
  13  0:12  SCV  
  14  0:17  Supply Depot  
  14  0:24  SCV  
  15  0:38  SCV  
  15  0:40  Barracks  
  16  0:43  Refinery  
  16  0:50  SCV  
  17  1:02  SCV  
  18  1:15  SCV  
  19  1:27  Orbital Command, Marine  
  20  1:43  Command Center  
  20  1:46  Barracks Reactor  
  20  1:53  SCV  
  21  1:56  Supply Depot  
  21  2:05  SCV  
  22  2:10  Factory  
  22  2:17  SCV  
  22  2:22  Marine x2  
  23  2:23  Bunker  
  23  2:29  SCV  
  26  2:33  Refinery  
  26  2:40  Marine x2  
  26  2:41  SCV  
  29  2:53  SCV  
  29  2:56  Starport  
  29  2:57  Widow Mine  
  31  3:04  Orbital Command  
  31  3:07  SCV  
  31  3:08  Marine  
  31  3:11  Marine  
  34  3:18  Widow Mine  
  34  3:19  SCV  
  37  3:26  Marine  
  38  3:28  Supply Depot  
  38  3:29  Marine  
  38  3:31  SCV x2  
  45  3:43  SCV  
  46  3:49  SCV  
  46  3:52  Factory Tech Lab  
  46  3:53  Bunker, Marine x2, Viking  
  46  3:57  Supply Depot  
  46  3:58  SCV  
  47  4:04  Supply Depot, SCV  
  48  4:11  Marine, Siege Tank  
  48  4:13  Marine  
  51  4:17  SCV  
  51  4:19  Supply Depot  
  52  4:25  Liberator  
  52  4:26  SCV  
  52  4:30  Marine, SCV  
  52  4:31  Marine  
  59  4:38  SCV  
  59  4:42  SCV  
  59  4:43  Siege Tank  
  64  4:47  Barracks  
  64  4:48  Marine  
  64  4:49  Marine  
  64  4:51  SCV  
  67  4:54  SCV  
  67  4:55  Supply Depot  
  68  5:03  Refinery, SCV  
  68  5:06  Marine  
  70  5:13  SCV, Marine, Engineering Bay, Liberator  
  75  5:15  SCV  
  75  5:18  Siege Tank  
  79  5:24  Marine  
  79  5:25  SCV  
  81  5:31  Marine  
  81  5:33  SCV  
  81  5:40  Engineering Bay  
  81  5:41  Supply Depot, SCV  
  81  5:42  Missile Turret, Marine  
  83  5:43  Barracks Tech Lab  
  83  5:49  Marine  
  83  5:50  SCV  
  83  5:51  Siege Tank  
  86  6:00  Missile Turret  
  86  6:03  Liberator  
  89  6:04  SCV  
  89  6:06  Marine  
  89  6:07  Supply Depot, Marine  
  92  6:15  Supply Depot, SCV  
  92  6:23  Siege Tank  
  92  6:24  Marine  
  92  6:25  SCV  
  89  6:32  SCV  
  81  6:34  Marine  
  81  6:35  Stimpack  
  81  6:37  SCV  
  83  6:42  Marine  
  83  6:44  SCV  
  83  6:46  Liberator  
  88  6:48  Refinery  
  88  6:49  SCV  
  88  6:50  Engineering Bay  
  88  6:53  Marine  
  90  6:56  SCV  
  90  6:57  Barracks  
  90  6:58  Missile Turret  
  90  7:00  Marine, Siege Tank  
  95  7:07  SCV  
  93  7:11  Marine  
  93  7:13  SCV  
  85  7:18  Marine  
  85  7:19  SCV  
  82  7:25  SCV  
  82  7:28  Marine x2  
  85  7:30  Starport Reactor  
  85  7:31  SCV  
  85  7:33  Siege Tank  
  85  7:36  Marine  
  85  7:37  SCV, Terran Infantry Weapons Level 1  
  90  7:38  Terran Infantry Armor Level 1  
  90  7:43  SCV  
  89  7:45  Marine  
  89  7:47  Supply Depot  
  89  7:49  SCV  
  89  7:51  Supply Depot, Marine  
  92  7:54  Marine  
  92  7:56  SCV  
  94  8:05  Supply Depot, Marine, Siege Tank  
  97  8:10  SCV  
  97  8:12  Supply Depot  
  99  8:14  Starport Reactor  
  99  8:17  Marine x3  
  99  8:18  Combat Shield  
  99  8:24  Marauder  
  101  8:29  Supply Depot  
  101  8:30  Command Center, Marine  
  102  8:34  Marine  
  102  8:40  Siege Tank  
  93  8:41  Marine x2  
  93  8:45  Marauder  
  84  8:48  Marine  
  84  8:52  Marine  
  81  8:56  Barracks x2  
  81  8:59  Marine x2, Medivac  
  81  9:00  Medivac  
  87  9:06  Marine x2  
  86  9:11  Marine  
  86  9:12  Siege Tank  
  86  9:15  SCV x2  
  86  9:17  Marine  
  92  9:18  Marine  
  92  9:24  Marine  
  94  9:25  Marine  
  94  9:27  SCV x2  
  94  9:29  Medivac  
  94  9:30  Marine, Medivac  
  103  9:38  Marine x2  
  103  9:39  SCV x2  
  103  9:41  Armory  
  103  9:43  Orbital Command  
  103  9:45  Barracks Reactor  
  107  9:47  Barracks Reactor  
  107  9:50  Siege Tank  
  107  9:52  Marine x2  
  112  9:54  Marine  
  112  9:58  SCV x2  
  112  9:59  Marine x2  
  115  10:03  Medivac  
  115  10:05  Medivac  
  121  10:10  Marine  
  121  10:13  Marine x2  
  124  10:17  Marine  
  125  10:21  Marine x2  
  125  10:22  Siege Tank  
  125  10:25  Marine  
  131  10:32  Marauder  
  133  10:35  SCV  
  133  10:36  SCV  
  133  10:37  Supply Depot, Marine  
  133  10:39  Marine x3  
  139  10:45  Medivac  
  139  10:46  Orbital Command  
  139  10:47  Medivac  
  139  10:49  SCV  
  144  10:51  Marine  
  144  10:53  Marauder  
  147  10:58  Siege Tank  
  147  11:01  SCV  
  151  11:07  Missile Turret  
  151  11:15  Marine x2  
  151  11:16  Marine  
  149  11:21  Marine, Concussive Shells  
  149  11:22  Marine  
  149  11:24  Marine  
  142  11:30  Siege Tank  
  130  11:34  Marine  
  130  11:36  Marine, Medivac  
  130  11:37  Marine  
  130  11:38  Marine  
  118  11:40  Marine  
  118  11:42  SCV  
  118  11:44  Orbital Command  
  118  11:45  Marine, SCV  
  115  11:47  Marine  
  115  11:52  Marine  
  114  11:57  Marine  
  115  12:03  Siege Tank  
  115  12:06  Marine  
  115  12:07  Marine  
  120  12:14  Missile Turret  
  120  12:17  Marine x3  
  120  12:19  Marine  
  120  12:22  Marine  
  126  12:26  Factory  
  126  12:28  Marine  
  126  12:29  Marine  
  127  12:30  Marine  
  127  12:34  Liberator  
  131  12:39  Liberator  
  133  12:47  Supply Depot  
  133  12:48  Supply Depot, Siege Tank  
  133  12:51  Marine x2  
  136  12:52  Marine  
  139  13:01  Terran Infantry Weapons Level 2  
  139  13:04  SCV  
  139  13:05  Marine  
  139  13:10  Refinery  
  139  13:11  Factory Tech Lab  
  140  13:14  Refinery  
  140  13:17  Marine x2  
  140  13:18  Marine x2  
  144  13:20  Marine  
  144  13:21  Marine  
  144  13:23  Marine  
  147  13:30  Liberator  
  147  13:32  Siege Tank  
  153  13:40  Supply Depot x2, Marine  
  154  13:42  Marine  
  154  13:46  Siege Tank  
  154  13:48  Marine  
  159  13:49  Marine  
  159  13:55  Marine  
  160  14:01  Supply Depot  
  161  14:05  Orbital Command  
  161  14:08  Siege Tank  
  163  14:11  Marine  
  163  14:15  Marine x2  
  166  14:18  Siege Tank  
  166  14:22  Marine  
  169  14:26  Marine  
  169  14:27  Marine  
  170  14:31  Marine  
  170  14:35  Marine x3  
  174  14:39  Marine x2  
  174  14:40  Siege Tank  
  174  14:41  Marine  
  174  14:44  Marine  
  174  14:45  Marine  
  181  14:50  Siege Tank  
  172  15:04  Marine x9  
Show
View Real Time Build Order
Export as new Build Order

STZsOs Protoss - Winner!

Build Orders: 1 Gate Expand, Phoenix Opening, Archon Immortal 

Get SALT Encoding   

  12  0:00  Probe  
  13  0:12  Probe  
  14  0:17  Pylon  
  14  0:23  Probe  
  15  0:31  Probe  
  15  0:35  Gateway  
  15  0:39  Probe  
  16  0:45  Assimilator  
  17  0:51  Probe  
  18  1:03  Probe  
  19  1:15  Probe  
  20  1:23  Cybernetics Core  
  20  1:32  Nexus  
  20  1:34  Probe  
  21  1:41  Pylon  
  21  1:46  Probe  
  22  1:48  Assimilator  
  22  1:49  Adept  
  22  1:58  Probe  
  25  2:02  Warp Gate  
  25  2:10  Probe  
  25  2:11  Pylon  
  26  2:19  Adept  
  28  2:24  Probe  
  29  2:30  Robotics Facility  
  29  2:41  Probe  
  29  2:42  Probe  
  29  2:43  Gateway  
  30  2:50  Probe  
  31  2:54  Probe  
  31  2:57  Sentry  
  35  2:59  Phoenix  
  35  3:00  Probe  
  36  3:06  Probe  
  36  3:10  Immortal  
  37  3:16  Probe  
  37  3:18  Probe  
  43  3:29  Gateway  
  43  3:33  Probe x2  
  45  3:39  Immortal, Pylon  
  45  3:55  Probe x2  
  51  3:58  Sentry  
  51  4:02  Sentry  
  55  4:06  Pylon  
  55  4:07  Probe x2  
  55  4:08  Warp Prism  
  57  4:20  Probe x2  
  57  4:22  Pylon  
  57  4:23  Assimilator  
  61  4:28  Twilight Council  
  61  4:30  Stalker  
  63  4:34  Shield Battery  
  63  4:40  Stalker  
  63  4:41  Probe x2  
  67  4:49  Charge  
  67  4:54  Observer, Pylon  
  67  4:56  Probe x2  
  67  4:58  Pylon  
  70  5:08  Probe x2  
  70  5:10  Assimilator  
  72  5:14  Observer  
  72  5:21  Gateway x2  
  73  5:22  Gateway  
  73  5:33  Zealot x3  
  79  5:39  Forge  
  79  5:40  Probe x2  
  81  5:54  Probe x2  
  83  5:58  Observer  
  83  6:00  Zealot x3  
  83  6:01  Protoss Ground Weapons Level 1  
  83  6:02  Nexus  
  90  6:08  Forge  
  90  6:12  Pylon  
  88  6:26  Zealot x4  
  88  6:32  Pylon  
  94  6:35  Stalker x2  
  95  6:45  Protoss Ground Armor Level 1  
  93  6:48  Probe x2  
  95  7:00  Probe  
  96  7:06  Zealot x6  
  106  7:18  Warp Prism  
  94  7:25  Probe x2  
  94  7:29  Stalker x3  
  94  7:30  Stalker  
  94  7:32  Zealot x2  
  100  7:40  Templar Archives  
  98  7:44  Immortal, Probe x2  
  98  7:46  Probe  
  105  8:01  Stalker x3  
  105  8:03  Stalker  
  112  8:08  Stalker  
  113  8:17  Protoss Ground Armor Level 2  
  113  8:26  Protoss Ground Weapons Level 2  
  113  8:33  Zealot x6  
  117  8:41  Probe  
  113  8:56  Immortal, Blink  
  113  8:59  Stalker  
  113  9:00  Stalker x4  
  123  9:11  Pylon  
  123  9:13  Probe  
  123  9:15  Probe  
  125  9:26  Pylon  
  125  9:30  Probe x3  
  128  9:33  High Templar x2  
  128  9:36  Pylon  
  132  9:39  Archon  
  132  9:40  Observer  
  132  9:42  Probe  
  132  9:43  Pylon  
  132  9:44  Gateway  
  133  9:45  High Templar  
  133  9:46  High Templar x3  
  133  9:50  Archon x2  
  141  9:54  Probe x3  
  141  9:55  Pylon  
  144  10:01  Pylon  
  144  10:06  Probe  
  144  10:10  Observer  
  144  10:11  Nexus  
  145  10:18  Stalker x4  
  145  10:20  Zealot  
  154  10:29  Photon Cannon  
  154  10:30  Pylon  
  154  10:31  Stalker  
  154  10:33  Photon Cannon  
  154  10:34  Shield Battery  
  154  10:35  Pylon  
  156  10:42  Observer  
  156  10:46  Pylon  
  156  10:47  Pylon  
  155  10:56  Zealot x5  
  165  11:07  Protoss Ground Weapons Level 3  
  165  11:08  Protoss Ground Armor Level 3, Zealot x2  
  165  11:10  Pylon x2  
  121  11:40  High Templar x4  
  121  11:41  High Templar x2  
  121  11:46  Probe  
  117  11:50  Robotics Facility  
  117  11:51  Gateway  
  103  11:54  Gateway  
  103  11:56  Gateway  
  103  11:57  High Templar x3  
  103  11:58  Gateway, High Templar  
  103  11:59  Zealot x2  
  115  12:01  Observer  
  115  12:03  Archon  
  115  12:06  Archon  
  115  12:12  Nexus  
  115  12:13  Pylon  
  115  12:28  Sentry  
  115  12:29  Zealot x3  
  123  12:40  Immortal, Pylon  
  123  12:45  Robotics Bay  
  123  12:46  Pylon  
  123  12:50  Zealot x7  
  141  12:52  Probe x3  
  144  13:04  Probe  
  144  13:05  Nexus  
  145  13:14  Warp Prism  
  145  13:18  Probe x3  
  150  13:26  Extended Thermal Lance  
  150  13:29  Robotics Facility, High Templar x2, Zealot  
  150  13:30  Probe  
  150  13:33  Archon  
  157  13:39  Robotics Facility  
  157  13:42  Assimilator  
  157  13:44  Colossus, Probe  
  157  13:45  Probe x3  
  161  13:50  Pylon  
  161  13:52  Zealot x4  
  161  13:53  Shield Battery  
  172  14:15  Zealot  
  174  14:26  Zealot x6  
  174  14:27  Zealot x3  
  190  14:38  Shield Battery  
  190  14:50  Nexus  
  182  14:58  Zealot x6  
Tags
 
Add a new tag
Caveats
  • Supply blocks, unpowered buildings, or Contaminate may cause inaccurate times.
  • Supply counts are checked every 10 seconds.